 Dungeon Crawl Stone Soup version 0.31-a0-219-g8d62b2e7bb (webtiles) character file.

Game seed: 14956106790709874095

50877 qw the Peltast (level 14, 0/88 HPs)
             Began as a Gargoyle Fighter on July 3, 2023.
             Was a High Priest of Okawaru.
             Engulfed by a cloud of flame (16 damage)
             ... on level 5 of the Lair of Beasts.
             The game lasted 00:08:29 (15558 turns).

qw the Peltast (Gargoyle Fighter)                  Turns: 15558, Time: 00:08:30

Health: 0/88       AC: 33    Str: 38    XL:     14   Next: 57%
Magic:  21/21      EV:  9    Int:  9    God:    Okawaru [*****.]
Gold:   892        SH: 18    Dex:  5    Spells: 13/13 levels left

rFire   . . .        p - +1 broad axe (venom)
rCold   + + +        B - +2 tower shield {rC+}
rNeg    + . .        v - +8 chain mail of Ruvaw {rElec rPois Str+5 Dex-4}
rPois   inf          z - +0 hat "Izozi" {Regen+ rCorr Str+2}
rElec   +            (no cloak)
rCorr   +            n - +0 pair of gloves
SInv    +            a - +2 pair of boots of Complete Protection {Rampage *Corrode rElec rC++}
Will    +....        o - amulet of faith Stlth
                     h - +6 ring of strength
HPRegen 1.14/turn    s - ring of see invisible
MPRegen 0.17/turn

%: corrode self (3%), rampage, faith
@: flying
A: sickness immunity, AC +10, big wings, negative energy resistance 1,
electricity resistance, torment resistance 1, petrification resistance
a: Renounce Religion, Heroism, Finesse, Duel


You were on level 5 of the Lair of Beasts.
You worshipped Okawaru.
Okawaru was extremely pleased with you.
You visited 2 branches of the dungeon, and saw 14 of its levels.

You collected 892 gold pieces.


Innate Abilities, Weirdness & Mutations

You are immune to sickness and miasma.
Your stone body is resilient. (AC +10)
You are immune to poison.
Your large and strong wings let you fly.
You resist negative energy. (rN+)
You are resistant to electric shocks. (rElec)
You are resistant to unholy torment.
You are immune to petrification.


   Skills:
 - Level 10.9 Fighting
 - Level 14.0 Axes
 + Level 4.7 Throwing
 - Level 7.0 Armour
 - Level 1.1 Dodging
 - Level 15.4 Shields
 - Level 10.0 Invocations


You had 13 spell levels left.
You didn't know any spells.
Your spell library was empty.

Inventory:

Hand Weapons
 e - a +0 flail
 p - a +1 broad axe of venom (weapon)
Missiles
 D - a silver javelin (quivered)
Armour
 a - the +2 pair of boots of Complete Protection (worn) {Rampage *Corrode rElec rC++}
   (You found it on level 9 of the Dungeon)

   rC:        It greatly protects you from cold.
   rElec:     It insulates you from electricity.
   *Corrode:  It may corrode you when you take damage.
   Rampage:   It bestows one free step when moving towards enemies.
 n - a +0 pair of gloves (worn)
 v - the +8 chain mail of Ruvaw (worn) {rElec rPois Str+5 Dex-4}
   (You found it on level 4 of the Dungeon)

   Str:       It affects your strength (+5).
   Dex:       It affects your dexterity (-4).
   rElec:     It insulates you from electricity.
   rPois:     It protects you from poison.
 z - the +0 hat "Izozi" (worn) {Regen+ rCorr Str+2}
   (You found it on level 2 of the Lair of Beasts)

   Str:       It affects your strength (+2).
   Regen:     It increases your rate of health regeneration.
   rCorr:     It protects you from acid and corrosion.
 B - a +2 tower shield of cold resistance (worn)
Jewellery
 f - the amulet of Democracy {rC+ rN+ Regen+ Str-3 Dex+4 SInv}
   (You found it on level 4 of the Dungeon)

   [amulet of regeneration]

   Str:       It affects your strength (-3).
   Dex:       It affects your dexterity (+4).
   rC:        It protects you from cold.
   rN:        It protects you from negative energy.
   SInv:      It lets you see invisible.
   Regen:     It increases your rate of health regeneration.
 h - a +6 ring of strength (left hand)
 o - an amulet of faith (around neck)
 q - a ring of resist corrosion
 s - a ring of see invisible (right hand)
 x - a ring of protection from cold
 F - a ring of positive energy
 G - a ring of fire
Wands
 u - a wand of digging (7)
Scrolls
 r - 4 scrolls of teleportation
 t - a scroll of identify
 y - a scroll of summoning {unknown}
Potions
 b - a potion of cancellation
 c - a potion of attraction
 d - a potion of might
 g - 2 potions of heal wounds
 i - 6 potions of curing
 j - 2 potions of haste
 k - a potion of mutation
 l - 5 potions of resistance
 m - 2 potions of enlightenment
 w - 2 potions of magic

Dungeon Overview and Level Annotations

Branches:
Dungeon (9/15)             Temple (0/1) D:4            Lair (5/5) D:9
  Swamp (0/4) Lair:3       Spider (0/4) Lair:3        Slime (0/5) Lair:4
    Orc: D:9-12

Altars:
Cheibriados
Gozag
Makhleb
Okawaru
Ru
Sif Muna
Vehumet
Wu Jian
Zin
Jiyva

Shops:
D:7 (


Message History

Enter note:
Enter note:
Enter note:
Enter note:
Enter note:
Enter note:
Enter note:
Enter note:
Enter note:
Enter note: You're standing in a cloud of flame!
You are engulfed in blazing flames.
You're standing in a cloud of flame!
You are engulfed in blazing flames.
The forest fire spreads! x2
Enter note:
Enter note:
Enter note:
Enter note:
Enter note:
Enter note:
Enter note:
Enter note:
Enter note:
Enter note:
Enter note:
Enter note:
Enter note:
Enter note:
Enter note: You're standing in a cloud of flame!
You are engulfed in blazing flames.
The forest fire spreads!
You're standing in a cloud of flame!
You are engulfed in blazing flames.
The forest fire spreads!
You're standing in a cloud of flame!
You are engulfed in blazing flames.
You're standing in a cloud of flame!
You are engulfed in blazing flames.
The forest fire spreads!
You're standing in a cloud of flame!
You are engulfed in blazing flames.
You die...

....P..?.......##.......
........................
.777....77..77.......7.
77 77..777777777...777


7777 77777777 77..7¤77 7...7¤.7 7..¤¤¤¤7 777..¤¤@¤777 7 77...77¤¤¤¤.777 7777
7777...7¤..¤777..77 ...777....7777777777...77 7.......777 7.....7 77.77P777
######''####### 77777+ ########.............# .......#...8....8....#
.8.8...p.............# There were no monsters in sight!

Vanquished Creatures
  A dire elephant (Lair:4)
  4 hydras
  Erica (Lair:1)
  10 death yaks (Lair:5)
  Sonja (Lair:2)
  3 skysharks
  6 black mambas
  25 elephants
  4 torpor snails
  13 cane toads
  Maggie (D:6)
  5 rime drakes
  14 komodo dragons
  A troll (D:6)
  A queen bee (Lair:2)
  A polar bear (Lair:2)
  14 blink frogs
  10 dream sheep
  A spriggan (Lair:4)
  5 wyverns
  35 yaks
  8 basilisks
  11 water moccasins
  A hell hound (Lair:5)
  An ice beast (D:5)
  An orc warrior (D:9)
  2 black bears
  3 ogres
  3 wolves (Lair:1)
  2 centaurs
  2 phantoms
  A kobold brigand (D:8)
  15 bullfrogs
  3 scorpions
  8 wights (D:9)
  24 killer bees (Lair:2)
  4 vampire bats (Lair:4)
  2 howler monkeys (D:9)
  2 hounds
  8 jellies
  2 gnoll boudas
  4 orc priests
  A sleepcap (D:7)
  4 iguanas
  8 orc wizards
  A mummy (D:8)
  Robin (D:4)
  7 gnolls
  14 adders
  A shadow imp (D:7)
  A white imp (D:8)
  An ufetubus (D:7)
  A worm (D:4)
  3 dart slugs
  27 orcs
  11 bats
  15 endoplasms
  6 giant cockroaches
  19 goblins
  11 hobgoblins
  5 jackals
  2 quokkas (D:1)
  2 training dummies (D:7)
  9 ball pythons
  3 frilled lizards
  13 kobolds
  5 rats
434 creatures vanquished.

Vanquished Creatures (others)
  A wizard (Lair:5)
1 creature vanquished.

Grand Total: 435 creatures vanquished

Notes
Turn   | Place    | Note
-------+----------+-------------------------------------------
     0 | D:1      | qw the Gargoyle Fighter began the quest for the Orb.
     0 | D:1      | Reached XP level 1. HP: 14/14 MP: 1/1
     0 | D:1      | 0 ||| qw: Version: 0.3-a-40-ge99b1a8
     0 | D:1      | 0 ||| qw: Game counter: 409
     0 | D:1      | 0 ||| qw: Melee chars always use a shield: true
     0 | D:1      | 0 ||| qw: God list: Okawaru
     0 | D:1      | 0 ||| qw: Allow faded altars: false
     0 | D:1      | 0 ||| qw: Do Orc after clearing Dungeon:15 true
     0 | D:1      | 0 ||| qw: Do second Lair branch before Depths: true
     0 | D:1      | 0 ||| qw: Lair rune preference: random
     0 | D:1      | 0 ||| qw: Goals: Normal, Zot:1-4, Slime:5, God:TSO, Crypt,
                  | Tomb, Abyss, Pan, Hells, Win
     0 | D:1      | 0 ||| PLANNING D:1-11
    25 | D:1      | 25 ||| Stepping ~*~*~tactically~*~*~ (stealth).
    26 | D:1      | 26 ||| Stepping ~*~*~tactically~*~*~ (stealth).
    34 | D:1      | 34 ||| Stepping ~*~*~tactically~*~*~ (stealth).
    35 | D:1      | 35 ||| Stepping ~*~*~tactically~*~*~ (stealth).
    38 | D:1      | 38 ||| Stepping ~*~*~tactically~*~*~ (stealth).
   242 | D:1      | Reached XP level 2. HP: 19/19 MP: 2/2
   481 | D:1      | Reached skill level 3 in Axes
   492 | D:1      | Reached XP level 3. HP: 18/23 MP: 3/3
   492 | D:1      | 492 ||| FLEEEEING.
   493 | D:1      | 493 ||| FLEEEEING.
   494 | D:1      | 494 ||| FLEEEEING.
   495 | D:1      | 495 ||| FLEEEEING.
   523 | D:1      | 523 ||| UPGRADING to +6 ring of strength.
   524 | D:1      | 524 ||| READING scroll labelled ASUDIU ZUDDEBA.
   525 | D:1      | 525 ||| READING scroll labelled HINALYW CUAGRU.
   563 | D:1      | 563 ||| DROPPING +0 club.
  1078 | D:1      | 1078 ||| UPGRADING to ring of protection from cold.
  1079 | D:1      | 1079 ||| READING scroll labelled ITEOWU SUDD.
  1132 | D:2      | 1132 ||| Stepping ~*~*~tactically~*~*~ (stealth).
  1188 | D:2      | 1188 ||| Stepping ~*~*~tactically~*~*~ (stealth).
  1198 | D:2      | Reached XP level 4. HP: 26/28 MP: 4/4
  1413 | D:2      | 1413 ||| Stepping ~*~*~tactically~*~*~ (stealth).
  1516 | D:2      | Found a faded altar of an unknown god.
  1875 | D:2      | 1875 ||| UPGRADING to +0 pair of gloves.
  1880 | D:2      | 1880 ||| UPGRADING to +0 chain mail.
  1890 | D:2      | 1890 ||| DROPPING +0 scale mail.
  1891 | D:2      | 1891 ||| UPGRADING to amulet of faith.
  1896 | D:2      | 1896 ||| READING scroll labelled IHUCWA XUHOA.
  1897 | D:2      | 1897 ||| DRINKING 2 cyan potions.
  1898 | D:2      | 1898 ||| DRINKING 2 viscous black potions.
  1960 | D:3      | 1960 ||| Stepping ~*~*~tactically~*~*~ (hiding).
  1961 | D:3      | 1961 ||| Stepping ~*~*~tactically~*~*~ (hiding).
  2056 | D:3      | Reached XP level 5. HP: 32/32 MP: 5/5
  2091 | D:3      | HP: 8/32 [something (3)]
  2096 | D:3      | HP: 3/32 [something (4)]
  2394 | D:3      | Reached skill level 1 in Throwing
  2490 | D:3      | 2490 ||| Stepping ~*~*~tactically~*~*~ (stealth).
  2505 | D:3      | Reached XP level 6. HP: 38/38 MP: 6/6
  2507 | D:3      | Found an iron altar of Okawaru.
  2508 | D:3      | 2508 ||| PLANNING OKAWARU WORSHIP
  2509 | D:3      | 2509 ||| Stepping ~*~*~tactically~*~*~ (hiding).
  2670 | D:3      | 2670 ||| READING scroll labelled EJACINW BIWIEXE.
  2671 | D:3      | 2671 ||| DRINKING 2 blue potions.
  2672 | D:3      | 2672 ||| READING 2 scrolls of identify.
  2672 | D:3      | 2672 ||| IDENTIFYING fuming dark potion
  2673 | D:3      | 2673 ||| DRINKING potion of experience.
  2673 | D:3      | Reached skill level 12 in Axes
  2673 | D:3      | Reached XP level 7. HP: 43/43 MP: 7/7
  2709 | D:3      | Became a worshipper of Warmaster Okawaru
  2710 | D:3      | 2710 ||| PLANNING D:1-11
  2744 | D:4      | Reached skill level 1 in Dodging
  2798 | D:4      | Identified the amulet of Democracy {rC+ rN+ Regen+ Str-3
                  | Dex+4 SInv}
  2947 | D:4      | 2947 ||| Stepping ~*~*~tactically~*~*~ (stealth).
  2949 | D:4      | 2949 ||| Stepping ~*~*~tactically~*~*~ (stealth).
  2962 | D:4      | Reached * piety under Okawaru
  3036 | D:4      | Noticed Robin
  3037 | D:4      | 3037 ||| INVOKING Heroism.
  3045 | D:4      | Killed Robin
  3050 | D:4      | 3050 ||| FLEEEEING.
  3114 | D:4      | Found an opulent altar of Gozag.
  3136 | D:4      | 3136 ||| Stepping ~*~*~tactically~*~*~ (stealth).
  3137 | D:4      | 3137 ||| Stepping ~*~*~tactically~*~*~ (stealth).
  3239 | D:4      | Found a staircase to the Ecumenical Temple.
  3373 | D:4      | 3373 ||| Stepping ~*~*~tactically~*~*~ (stealth).
  3375 | D:4      | 3375 ||| Stepping ~*~*~tactically~*~*~ (stealth).
  3386 | D:4      | Reached XP level 8. HP: 41/48 MP: 8/8
  3696 | D:4      | Reached skill level 1 in Invocations
  3731 | D:4      | Identified the +8 chain mail of Ruvaw {rElec rPois Str+5
                  | Dex-4}
  3747 | D:4      | 3747 ||| UPGRADING to +0 helmet.
  3752 | D:4      | 3752 ||| UPGRADING to +8 chain mail of Ruvaw {rElec rPois
                  | Str+5 Dex-4}.
  3762 | D:4      | 3762 ||| DROPPING +0 chain mail.
  3763 | D:4      | 3763 ||| READING 2 scrolls labelled VARPHUW GAESA.
  3767 | D:4      | 3767 ||| READING 2 scrolls of identify.
  3767 | D:4      | 3767 ||| IDENTIFYING golden potion
  3775 | D:5      | Entered Level 5 of the Dungeon
  3833 | D:5      | 3833 ||| INVOKING Heroism.
  3865 | D:5      | Found a sacrificial altar of Ru.
  4097 | D:5      | 4097 ||| INVOKING Heroism.
  4098 | D:5      | 4098 ||| INVOKING Heroism.
  4222 | D:5      | 4222 ||| READING scroll labelled WAXKOQ PODGHO.
  4223 | D:5      | 4223 ||| READING scroll labelled XIMAKLAUNA.
  4223 | D:5      | Identified a scroll of acquirement
  4223 | D:5      | 4223 ||| ACQUIRING +3 hat "Qiameum" {Rampage +Inv Str+3
                  | Int-3}
  4223 | D:5      | Acquired the +3 hat "Qiameum" {Rampage +Inv Str+3 Int-3}
  4225 | D:5      | 4225 ||| UPGRADING to +3 hat "Qiameum" {Rampage +Inv Str+3
                  | Int-3}.
  4235 | D:5      | 4235 ||| DROPPING +0 helmet.
  4593 | D:5      | 4593 ||| Stepping ~*~*~tactically~*~*~ (stealth).
  4683 | D:5      | 4683 ||| INVOKING Heroism.
  4748 | D:5      | 4748 ||| INVOKING Heroism.
  4940 | D:5      | Found a shimmering blue altar of Sif Muna.
  4941 | D:5      | Found an ornate altar of the Wu Jian Council.
  5151 | D:5      | 5151 ||| UPGRADING to ring of see invisible.
  5153 | D:5      | 5153 ||| DRINKING 4 amethyst potions.
  5295 | D:6      | Noticed a troll
  5296 | D:6      | 5296 ||| INVOKING Heroism.
  5304 | D:6      | Killed a troll
  5304 | D:6      | Reached ** piety under Okawaru
  5305 | D:6      | Reached skill level 3 in Invocations
  5305 | D:6      | Reached XP level 9. HP: 46/55 MP: 7/11
  5326 | D:6      | Reached skill level 6 in Fighting
  5533 | D:6      | 5533 ||| Stepping ~*~*~tactically~*~*~ (hiding).
  5535 | D:6      | 5535 ||| Stepping ~*~*~tactically~*~*~ (hiding).
  5537 | D:6      | 5537 ||| Stepping ~*~*~tactically~*~*~ (hiding).
  5608 | D:6      | 5608 ||| INVOKING Heroism.
  5686 | D:6      | 5686 ||| INVOKING Heroism.
  5742 | D:6      | Found a burning altar of Makhleb.
  5828 | D:6      | Noticed Maggie
  5831 | D:6      | 5831 ||| INVOKING Heroism.
  5842 | D:6      | Killed Maggie
  6416 | D:6      | 6416 ||| DROPPING +0 helmet of intelligence.
  6417 | D:6      | 6417 ||| DRINKING 2 bubbling purple potions.
  6418 | D:6      | 6418 ||| READING 2 scrolls of identify.
  6418 | D:6      | 6418 ||| IDENTIFYING fizzy green potion
  6512 | D:7      | 6512 ||| Stepping ~*~*~tactically~*~*~ (stealth).
  6518 | D:7      | 6518 ||| INVOKING Heroism.
  6547 | D:7      | 6547 ||| Stepping ~*~*~tactically~*~*~ (hiding).
  6762 | D:7      | 6762 ||| INVOKING Heroism.
  6927 | D:7      | 6927 ||| Stepping ~*~*~tactically~*~*~ (stealth).
  6928 | D:7      | 6928 ||| Stepping ~*~*~tactically~*~*~ (stealth).
  7115 | D:7      | Found Cusunn's Firing Range.
  7185 | D:7      | 7185 ||| READING scroll labelled YTAFAI HELYOC.
  7186 | D:7      | 7186 ||| READING scroll labelled YMNALA LOWUMUSO.
  7187 | D:7      | 7187 ||| READING scroll labelled ASUNUARURA.
  7188 | D:7      | 7188 ||| READING scroll labelled DINIPH ROUCVE.
  7428 | D:8      | Reached skill level 4 in Shields
  7468 | D:8      | Found a snail-covered altar of Cheibriados.
  7499 | D:8      | 7499 ||| Stepping ~*~*~tactically~*~*~ (hiding).
  7685 | D:8      | 7685 ||| Stepping ~*~*~tactically~*~*~ (hiding).
  7686 | D:8      | 7686 ||| Stepping ~*~*~tactically~*~*~ (hiding).
  7688 | D:8      | 7688 ||| Stepping ~*~*~tactically~*~*~ (hiding).
  7832 | D:8      | Found a glowing silver altar of Zin.
  7832 | D:8      | Noticed an angel
  8005 | D:8      | Found a viscous altar of Jiyva.
  8006 | D:8      | 8006 ||| INVOKING Heroism.
  8008 | D:8      | 8008 ||| Stepping ~*~*~tactically~*~*~ (stealth).
  8014 | D:8      | 8014 ||| Stepping ~*~*~tactically~*~*~ (stealth).
  8018 | D:8      | 8018 ||| Stepping ~*~*~tactically~*~*~ (stealth).
  8056 | D:8      | 8056 ||| INVOKING Heroism.
  8399 | D:8      | 8399 ||| READING 2 scrolls of identify.
  8399 | D:8      | 8399 ||| IDENTIFYING lumpy red potion
  8462 | D:9      | 8462 ||| Stepping ~*~*~tactically~*~*~ (stealth).
  8528 | D:9      | Reached XP level 10. HP: 51/63 MP: 13/13
  8707 | D:9      | 8707 ||| Stepping ~*~*~tactically~*~*~ (hiding).
  8718 | D:9      | 8718 ||| INVOKING Heroism.
  8728 | D:9      | Reached skill level 3 in Throwing
  8822 | D:9      | Identified the +0 hand axe of Blood-Lust {freeze, rF+ MP-9
                  | Str+3}
  8903 | D:9      | 8903 ||| Stepping ~*~*~tactically~*~*~ (hiding).
  8904 | D:9      | 8904 ||| FLEEEEING.
  8907 | D:9      | 8907 ||| INVOKING Heroism.
  8934 | D:9      | 8934 ||| FLEEEEING.
  8935 | D:9      | 8935 ||| FLEEEEING.
  8936 | D:9      | 8936 ||| FLEEEEING.
  8937 | D:9      | 8937 ||| FLEEEEING.
  8938 | D:9      | 8938 ||| FLEEEEING.
  8939 | D:9      | 8939 ||| FLEEEEING.
  8940 | D:9      | 8940 ||| FLEEEEING.
  8941 | D:9      | 8941 ||| FLEEEEING.
  8942 | D:9      | 8942 ||| FLEEEEING.
  8943 | D:9      | 8943 ||| FLEEEEING.
  8944 | D:9      | 8944 ||| FLEEEEING.
  8945 | D:9      | 8945 ||| FLEEEEING.
  8946 | D:9      | 8946 ||| FLEEEEING.
  8947 | D:9      | 8947 ||| FLEEEEING.
  8948 | D:9      | 8948 ||| FLEEEEING.
  8949 | D:9      | 8949 ||| FLEEEEING.
  8950 | D:9      | 8950 ||| FLEEEEING.
  8951 | D:9      | 8951 ||| FLEEEEING.
  8952 | D:9      | 8952 ||| FLEEEEING.
  8953 | D:9      | 8953 ||| FLEEEEING.
  8954 | D:9      | 8954 ||| FLEEEEING.
  8955 | D:9      | 8955 ||| FLEEEEING.
  8956 | D:9      | 8956 ||| FLEEEEING.
  8957 | D:9      | 8957 ||| FLEEEEING.
  8958 | D:9      | 8958 ||| FLEEEEING.
  8959 | D:9      | 8959 ||| FLEEEEING.
  8960 | D:9      | 8960 ||| FLEEEEING.
  8961 | D:9      | 8961 ||| FLEEEEING.
  8962 | D:9      | 8962 ||| FLEEEEING.
  8963 | D:9      | 8963 ||| FLEEEEING.
  8964 | D:9      | 8964 ||| FLEEEEING.
  8965 | D:9      | 8965 ||| FLEEEEING.
  8966 | D:9      | 8966 ||| FLEEEEING.
  8967 | D:9      | 8967 ||| FLEEEEING.
  8968 | D:9      | 8968 ||| FLEEEEING.
  8969 | D:9      | 8969 ||| FLEEEEING.
  8970 | D:9      | 8970 ||| FLEEEEING.
  8971 | D:9      | 8971 ||| FLEEEEING.
  8972 | D:9      | 8972 ||| FLEEEEING.
  8973 | D:9      | 8973 ||| FLEEEEING.
  8974 | D:9      | 8974 ||| FLEEEEING.
  8975 | D:9      | 8975 ||| FLEEEEING.
  8976 | D:9      | 8976 ||| FLEEEEING.
  8978 | D:9      | 8978 ||| FLEEEEING.
  8979 | D:9      | 8979 ||| FLEEEEING.
  8980 | D:9      | 8980 ||| FLEEEEING.
  8981 | D:9      | 8981 ||| FLEEEEING.
  8982 | D:9      | 8982 ||| FLEEEEING.
  8983 | D:9      | 8983 ||| STAIRDANCE
  9141 | D:9      | Reached *** piety under Okawaru
  9174 | D:9      | 9174 ||| INVOKING Heroism.
  9189 | D:9      | Reached skill level 5 in Shields
  9286 | D:9      | Identified the +2 pair of boots of Complete Protection
                  | {Rampage *Corrode rElec rC++}
  9299 | D:9      | Found a staircase to the Lair.
  9549 | D:9      | 9549 ||| PLANNING LAIR
  9549 | D:9      | 9549 ||| UPGRADING to +2 pair of boots of Complete
                  | Protection {Rampage *Corrode rElec rC++}.
  9554 | D:9      | 9554 ||| READING 3 scrolls of identify.
  9554 | D:9      | 9554 ||| IDENTIFYING red potion
  9555 | D:9      | 9555 ||| DROPPING potion of degeneration.
  9600 | Lair:1   | Entered Level 1 of the Lair of Beasts
  9603 | Lair:1   | 9603 ||| STAIRDANCE
  9643 | Lair:1   | 9643 ||| STAIRDANCE
  9645 | D:9      | 9645 ||| INVOKING Heroism.
  9758 | Lair:1   | Reached **** piety under Okawaru
  9781 | Lair:1   | Noticed a cane toad
  9782 | Lair:1   | 9782 ||| INVOKING Heroism.
  9786 | Lair:1   | Noticed a cane toad
  9789 | Lair:1   | Killed a cane toad
  9790 | Lair:1   | Reached skill level 6 in Armour
  9791 | Lair:1   | Noticed Erica
  9799 | Lair:1   | Killed a cane toad
  9800 | Lair:1   | 9800 ||| DRINKING 5 potions of curing.
  9800 | Lair:1   | 9800 ||| (to cure confusion)
  9801 | Lair:1   | 9801 ||| DRINKING 4 potions of curing.
  9801 | Lair:1   | 9801 ||| (to cure confusion)
  9804 | Lair:1   | 9804 ||| DRINKING 3 potions of curing.
  9804 | Lair:1   | 9804 ||| (to cure confusion)
  9807 | Lair:1   | 9807 ||| INVOKING Heroism.
  9809 | Lair:1   | Killed Erica
  9821 | Lair:1   | Reached XP level 11. HP: 56/69 MP: 12/14
  9831 | Lair:1   | Reached skill level 9 in Fighting
 10037 | Lair:1   | 10037 ||| INVOKING Heroism.
 10064 | Lair:1   | 10064 ||| INVOKING Heroism.
 10271 | Lair:1   | 10271 ||| Stepping ~*~*~tactically~*~*~ (hiding).
 10387 | Lair:1   | Reached skill level 6 in Shields
 10391 | Lair:1   | Reached skill level 6 in Invocations
 10623 | Lair:1   | 10623 ||| READING 2 scrolls of identify.
 10623 | Lair:1   | 10623 ||| IDENTIFYING fuming green potion
 10624 | Lair:1   | 10624 ||| DROPPING potion of berserk rage.
 10665 | Lair:2   | 10665 ||| INVOKING Heroism.
 10676 | Lair:2   | Received a gift from Okawaru
 10697 | Lair:2   | Identified the +0 hat "Izozi" {Regen+ rCorr Str+2}
 10734 | Lair:2   | 10734 ||| INVOKING Heroism.
 10803 | Lair:2   | 10803 ||| INVOKING Heroism.
 10818 | Lair:2   | Noticed a five-headed hydra
 10825 | Lair:2   | Reached ***** piety under Okawaru
 10826 | Lair:2   | 10826 ||| SWAPPING to +0 flail.
 10827 | Lair:2   | 10827 ||| INVOKING Finesse.
 10837 | Lair:2   | Killed a five-headed hydra
 10838 | Lair:2   | 10838 ||| SWAPPING to +0 war axe.
 10879 | Lair:2   | 10879 ||| INVOKING Heroism.
 11042 | Lair:2   | 11042 ||| INVOKING Heroism.
 11127 | Lair:2   | 11127 ||| INVOKING Heroism.
 11135 | Lair:2   | Reached XP level 12. HP: 72/77 MP: 16/18
 11135 | Lair:2   | 11135 ||| Stepping ~*~*~tactically~*~*~ (stealth).
 11156 | Lair:2   | 11156 ||| INVOKING Heroism.
 11304 | Lair:2   | Noticed Sonja
 11306 | Lair:2   | 11306 ||| INVOKING Finesse.
 11323 | Lair:2   | Received a gift from Okawaru
 11353 | Lair:2   | 11353 ||| INVOKING Heroism.
 11358 | Lair:2   | Reached skill level 9 in Invocations
 11370 | Lair:2   | Killed Sonja
 11370 | Lair:2   | Received a gift from Okawaru
 11377 | Lair:2   | 11377 ||| FLEEEEING.
 11378 | Lair:2   | 11378 ||| FLEEEEING.
 11379 | Lair:2   | 11379 ||| FLEEEEING.
 11380 | Lair:2   | 11380 ||| FLEEEEING.
 11381 | Lair:2   | 11381 ||| FLEEEEING.
 11384 | Lair:2   | 11384 ||| FLEEEEING.
 11385 | Lair:2   | 11385 ||| FLEEEEING.
 11386 | Lair:2   | 11386 ||| FLEEEEING.
 11387 | Lair:2   | 11387 ||| FLEEEEING.
 11388 | Lair:2   | 11388 ||| FLEEEEING.
 11389 | Lair:2   | 11389 ||| FLEEEEING.
 11390 | Lair:2   | 11390 ||| FLEEEEING.
 11391 | Lair:2   | 11391 ||| FLEEEEING.
 11392 | Lair:2   | 11392 ||| FLEEEEING.
 11393 | Lair:2   | 11393 ||| FLEEEEING.
 11394 | Lair:2   | 11394 ||| FLEEEEING.
 11395 | Lair:2   | 11395 ||| FLEEEEING.
 11396 | Lair:2   | 11396 ||| FLEEEEING.
 11397 | Lair:2   | 11397 ||| FLEEEEING.
 11398 | Lair:2   | 11398 ||| FLEEEEING.
 11399 | Lair:2   | 11399 ||| FLEEEEING.
 11400 | Lair:2   | 11400 ||| FLEEEEING.
 11401 | Lair:2   | 11401 ||| FLEEEEING.
 11402 | Lair:2   | 11402 ||| FLEEEEING.
 11403 | Lair:2   | 11403 ||| FLEEEEING.
 11404 | Lair:2   | 11404 ||| FLEEEEING.
 11405 | Lair:2   | 11405 ||| FLEEEEING.
 11406 | Lair:2   | 11406 ||| FLEEEEING.
 11628 | Lair:2   | 11628 ||| Stepping ~*~*~tactically~*~*~ (stealth).
 11630 | Lair:2   | 11630 ||| Stepping ~*~*~tactically~*~*~ (stealth).
 11644 | Lair:2   | 11644 ||| FLEEEEING.
 11646 | Lair:2   | 11646 ||| FLEEEEING.
 11647 | Lair:2   | 11647 ||| FLEEEEING.
 11653 | Lair:2   | Received a gift from Okawaru
 11714 | Lair:2   | 11714 ||| INVOKING Heroism.
 12262 | Lair:2   | 12262 ||| UPGRADING to +0 hat "Izozi" {Regen+ rCorr Str+2}.
 12272 | Lair:2   | 12272 ||| DROPPING +3 hat "Qiameum" {Rampage +Inv Str+3
                  | Int-3}.
 12273 | Lair:2   | 12273 ||| UPGRADING to +2 tower shield of cold resistance.
 12283 | Lair:2   | 12283 ||| DROPPING +0 buckler.
 12284 | Lair:2   | 12284 ||| READING scroll labelled GUOFFU ZEZYTOU.
 12285 | Lair:2   | 12285 ||| READING scroll labelled EWITAH ZOSTU.
 12333 | Lair:3   | 12333 ||| INVOKING Heroism.
 12377 | Lair:3   | Found a staircase to the Swamp.
 12455 | Lair:3   | Found a hole to the Spider Nest.
 12554 | Lair:3   | Reached skill level 7 in Shields
 12575 | Lair:3   | Reached skill level 8 in Shields
 12733 | Lair:3   | Received a gift from Okawaru
 12762 | Lair:3   | 12762 ||| Stepping ~*~*~tactically~*~*~ (hiding).
 12779 | Lair:3   | 12779 ||| INVOKING Heroism.
 12831 | Lair:3   | 12831 ||| DROPPING +2 mace of draining.
 12887 | Lair:3   | Reached skill level 9 in Shields
 13143 | Lair:3   | 13143 ||| DROPPING amulet of magic regeneration.
 13144 | Lair:3   | 13144 ||| READING scroll labelled XAMIOHEUPO.
 13245 | Lair:3   | 13245 ||| READING 3 scrolls of identify.
 13245 | Lair:3   | 13245 ||| IDENTIFYING ruby potion
 13246 | Lair:3   | 13246 ||| READING 2 scrolls of identify.
 13246 | Lair:3   | 13246 ||| IDENTIFYING emerald potion
 13247 | Lair:3   | 13247 ||| DROPPING potion of invisibility.
 13260 | Lair:4   | 13260 ||| STAIRDANCE
 13268 | Lair:4   | 13268 ||| STAIRDANCE
 13270 | Lair:3   | 13270 ||| INVOKING Heroism.
 13276 | Lair:3   | Received a gift from Okawaru
 13284 | Lair:3   | 13284 ||| SWAPPING to +0 broad axe of venom.
 13285 | Lair:3   | 13285 ||| DROPPING +1 war axe.
 13302 | Lair:4   | 13302 ||| INVOKING Heroism.
 13330 | Lair:4   | Noticed a skyshark
 13336 | Lair:4   | Killed a skyshark
 13337 | Lair:4   | Reached skill level 10 in Shields
 13351 | Lair:4   | 13351 ||| INVOKING Heroism.
 13381 | Lair:4   | 13381 ||| INVOKING Heroism.
 13385 | Lair:4   | Reached XP level 13. HP: 82/82 MP: 17/20
 13505 | Lair:4   | Reached skill level 11 in Shields
 13528 | Lair:4   | 13528 ||| Stepping ~*~*~tactically~*~*~ (stealth).
 13545 | Lair:4   | You fall into a shaft and drop 1 floor!
 13545 | Lair:5   | Entered Level 5 of the Lair of Beasts
 13546 | Lair:5   | 13546 ||| FLEEEEING.
 13547 | Lair:5   | 13547 ||| INVOKING Heroism.
 13554 | Lair:5   | 13554 ||| INVOKING Finesse.
 13559 | Lair:5   | 13559 ||| SWAPPING to +0 flail.
 13575 | Lair:5   | 13575 ||| SWAPPING to +0 broad axe of venom.
 13584 | Lair:5   | Reached skill level 12 in Shields
 13614 | Lair:4   | Found a viscous altar of Jiyva.
 13614 | Lair:4   | Found a staircase to the Slime Pits.
 13628 | Lair:4   | 13628 ||| Stepping ~*~*~tactically~*~*~ (hiding).
 13680 | Lair:4   | Identified the +1 helmet "Muin Rac" {Int+4}
 13701 | Lair:4   | 13701 ||| INVOKING Heroism.
 13860 | Lair:4   | 13860 ||| READING scroll of enchant weapon.
 13860 | Lair:4   | 13860 ||| ENCHANTING +0 broad axe of venom.
 13901 | Lair:4   | Reached skill level 13 in Shields
 13908 | Lair:4   | Received a gift from Okawaru
 14041 | Lair:4   | Noticed a dire elephant
 14042 | Lair:4   | 14042 ||| INVOKING Heroism.
 14055 | Lair:4   | Killed a dire elephant
 14135 | Lair:4   | Reached skill level 14 in Shields
 14261 | Lair:4   | 14261 ||| DROPPING +1 helmet "Muin Rac" {Int+4}.
 14322 | Lair:5   | Identified the +1 ring mail of the Prophets {+Inv MP+9
                  | Stlth-} (Okawaru gifted it to you on level 5 of the Lair of
                  | Beasts)
 14322 | Lair:5   | Received a gift from Okawaru
 14340 | Lair:5   | 14340 ||| Stepping ~*~*~tactically~*~*~ (stealth).
 14341 | Lair:5   | 14341 ||| Stepping ~*~*~tactically~*~*~ (stealth).
 14342 | Lair:5   | 14342 ||| Stepping ~*~*~tactically~*~*~ (stealth).
 14345 | Lair:5   | 14345 ||| Stepping ~*~*~tactically~*~*~ (stealth).
 14347 | Lair:5   | 14347 ||| Stepping ~*~*~tactically~*~*~ (hiding).
 14348 | Lair:5   | 14348 ||| Stepping ~*~*~tactically~*~*~ (hiding).
 14349 | Lair:5   | 14349 ||| Stepping ~*~*~tactically~*~*~ (hiding).
 14526 | Lair:5   | 14526 ||| INVOKING Heroism.
 14534 | Lair:5   | 14534 ||| INVOKING Finesse.
 14539 | Lair:5   | 14539 ||| SWAPPING to +0 flail.
 14555 | Lair:5   | 14555 ||| SWAPPING to +1 broad axe of venom.
 14592 | Lair:5   | 14592 ||| Stepping ~*~*~tactically~*~*~ (stealth).
 14595 | Lair:5   | 14595 ||| Stepping ~*~*~tactically~*~*~ (hiding).
 14602 | Lair:5   | Gained mutation: Your large and strong wings let you fly.
                  | [Gargoyle growth]
 14602 | Lair:5   | Reached XP level 14. HP: 88/88 MP: 21/21
 14749 | Lair:5   | 14749 ||| Stepping ~*~*~tactically~*~*~ (stealth).
 14750 | Lair:5   | 14750 ||| Stepping ~*~*~tactically~*~*~ (stealth).
 14769 | Lair:5   | Reached skill level 15 in Shields
 14771 | Lair:5   | Found a radiant altar of Vehumet.
 14798 | Lair:5   | 14798 ||| INVOKING Heroism.
 14835 | Lair:5   | 14835 ||| Stepping ~*~*~tactically~*~*~ (stealth).
 14870 | Lair:5   | 14870 ||| INVOKING Heroism.
 14871 | Lair:5   | 14871 ||| INVOKING Finesse.
 14945 | Lair:5   | 14945 ||| Stepping ~*~*~tactically~*~*~ (stealth).
 14982 | Lair:5   | 14982 ||| FLEEEEING.
 14983 | Lair:5   | 14983 ||| FLEEEEING.
 14985 | Lair:5   | 14985 ||| FLEEEEING.
 14988 | Lair:5   | 14988 ||| FLEEEEING.
 14990 | Lair:5   | 14990 ||| FLEEEEING.
 14993 | Lair:5   | 14993 ||| INVOKING Heroism.
 15024 | Lair:5   | 15024 ||| Stepping ~*~*~tactically~*~*~ (stealth).
 15027 | Lair:5   | 15027 ||| Stepping ~*~*~tactically~*~*~ (stealth).
 15042 | Lair:5   | 15042 ||| FLEEEEING.
 15043 | Lair:5   | 15043 ||| FLEEEEING.
 15044 | Lair:5   | 15044 ||| FLEEEEING.
 15045 | Lair:5   | 15045 ||| FLEEEEING.
 15046 | Lair:5   | 15046 ||| STAIRDANCE
 15083 | Lair:5   | 15083 ||| INVOKING Heroism.
 15084 | Lair:5   | 15084 ||| Stepping ~*~*~tactically~*~*~ (stealth).
 15085 | Lair:5   | 15085 ||| Stepping ~*~*~tactically~*~*~ (stealth).
 15086 | Lair:5   | 15086 ||| INVOKING Finesse.
 15089 | Lair:5   | 15089 ||| Stepping ~*~*~tactically~*~*~ (stealth).
 15134 | Lair:5   | 15134 ||| Stepping ~*~*~tactically~*~*~ (stealth).
 15137 | Lair:5   | 15137 ||| INVOKING Finesse.
 15162 | Lair:5   | Identified the +3 animal skin of the Mackerel {Dex+2}
                  | (Okawaru gifted it to you on level 5 of the Lair of Beasts)
 15162 | Lair:5   | Received a gift from Okawaru
 15167 | Lair:5   | 15167 ||| INVOKING Heroism.
 15357 | Lair:5   | 15357 ||| FLEEEEING.
 15359 | Lair:5   | 15359 ||| INVOKING Heroism.
 15377 | Lair:5   | 15377 ||| Stepping ~*~*~tactically~*~*~ (hiding).
 15395 | Lair:5   | 15395 ||| Stepping ~*~*~tactically~*~*~ (hiding).
 15397 | Lair:5   | 15397 ||| Stepping ~*~*~tactically~*~*~ (hiding).
 15527 | Lair:5   | 15527 ||| FLEEEEING.
 15532 | Lair:5   | 15532 ||| FLEEEEING.
 15533 | Lair:5   | 15533 ||| FLEEEEING.
 15557 | Lair:5   | HP: 15/88 [something (11)]
 15558 | Lair:5   | Engulfed by a cloud of flame

Levels and vault maps discovered:
D:1:      dpeg_arrival_orchard, layout_basic, serial_curves, eino_curves_01,
          eino_curves_03, eino_curves_01, eino_curves_03, minmay_domino_4
D:2:      layout_basic, shapermc_ecumenical_altar_petra
D:3:      layout_basic, mainiacjoe_overflow_catwalk
D:4:      kb_forest_paths, layout_basic, nicolae_overflow_crystal_walls,
          minmay_quantized, uniq_robin
D:5:      kennysheep_six_static_rooms, layout_gridville,
          nicolae_ru_the_path_less_chosen, mainiacjoe_overflow_divided_tiny
D:6:      layout_layer_cave, amcnicky_altar_gilded, grunt_decor_cap, uniq_maggie
D:7:      layout_basic, nicolae_shop_firing_range
D:8:      layout_basic, zin_angel, slow_altar_2, jiyva_altar_1
D:9:      layout_loops_corners, lair_entry_dummy
Lair:1:   layout_regular_city, minivault_11, uniq_erica
Lair:2:   layout_cave_pods, special_room [special_room_bee],
          beast_lair_carwin_9, uniq_sonja
Lair:3:   layout_loops_ring, swamp_mist, spider_nest_entry_web_field,
          kennysheep_basilisk_garden, infiniplex_staircase_pool_2
Lair:4:   mu_elephants_graveyard, layout_hall_layers, slime_entry_1,
          serial_bayou_pond_d, roderic_batcave
Lair:5:   evil_forest, layout_loops_ring, basic_altar,
          chequers_serial_rivers_small_a

Skill      XL: |  1  2  3  4  5  6  7  8  9 10 11 12 13 14 |
---------------+-------------------------------------------+-----
Axes           | 2 3 4 5 12 13 14 | 14.0
Throwing       | 1 2 3 4 |  4.7
Fighting       | 4 5 7 8 10 | 10.9
Dodging        | 1 |  1.1
Invocations    | 3 4 8 10 | 10.0
Shields        | 4 5 6 10 14 15 | 15.4
Armour         | 4 6 7 |  7.0

Action                     |  1- 3 |  4- 6 |  7- 9 | 10-12 | 13-15 || total
---------------------------+-------+-------+-------+-------+-------++-------
  Melee: War axe           |   102 |   108 |   247 |   503 |       ||   960
         Flail             |       |       |       |    10 |    30 ||    40
         Broad axe         |       |       |       |    15 |   357 ||   372
  Throw: Javelin           |       |    11 |    55 |    79 |    39 ||   184
         Boomerang         |       |       |    12 |    36 |    42 ||    90
 Invoke: Heroism           |       |       |    13 |    23 |    10 ||    46
         Finesse           |       |       |       |     2 |     5 ||     7
    Use: Scroll            |     3 |     3 |    10 |     7 |     1 ||    24
         Potion            |       |     4 |     2 |     3 |       ||     9
 Armour: Scale mail        |    49 |    23 |       |       |       ||    72
         Chain mail        |       |    83 |    83 |   263 |   148 ||   577
  Dodge: Dodged            |    47 |    47 |    69 |   159 |    79 ||   401
  Block: Buckler           |    14 |    12 |    19 |    60 |       ||   105
         Tower shield      |       |       |       |   107 |   271 ||   378

Table legend:
 A = Non-vault XP
 B = Vault XP
 C = Vault XP percentage of total XP
 D = Non-vault monster count
 E = Vault monster count
 F = Vault count percentage of total count
                 A         B        C        D         E       F
            +---------+---------+-------+---------+---------+-------
      Total |   48484 |   23862 |  33.0 |     316 |     119 |  27.4
            +---------+---------+-------+---------+---------+-------
        D:1 |      50 |       4 |   7.4 |      29 |       2 |   6.5
        D:2 |      88 |       0 |   0.0 |      17 |       0 |   0.0
        D:3 |     217 |       0 |   0.0 |      31 |       0 |   0.0
        D:4 |     547 |     122 |  18.2 |      20 |      22 |  52.4
        D:5 |     541 |     295 |  35.3 |      13 |       6 |  31.6
        D:6 |     762 |     370 |  32.7 |      15 |       1 |   6.2
        D:7 |     152 |       4 |   2.6 |       7 |       2 |  22.2
        D:8 |     548 |     182 |  24.9 |      15 |       5 |  25.0
        D:9 |    2905 |       0 |   0.0 |      35 |       0 |   0.0
     Lair:1 |    3902 |     831 |  17.6 |      19 |       1 |   5.0
     Lair:2 |    6526 |    4736 |  42.1 |      26 |      32 |  55.2
     Lair:3 |    5387 |     940 |  14.9 |      17 |       5 |  22.7
     Lair:4 |    5783 |    9764 |  62.8 |      17 |      28 |  62.2
     Lair:5 |   21076 |    6614 |  23.9 |      55 |      15 |  21.4
            +---------+---------+-------+---------+---------+-------
